TOP OF THE 1ST |
Georgetown Hoyas batting - Pitching for Duke Blue Devils : LHP Doug Hicks
|
Pitching: LHP Doug Hicks
|
|
Batting: RHB Fred Mitchell
|
0-0: Called Strike 0-1: Ball 1-1: Foul Ball, location: 2F 1-2: Ball 2-2: Ball 3-2: Foul Ball, location: 2F 3-2: Fly out, F7 (Flyball, 7LMF)
|
Batting: LHB Boyd Boone
|
0-0: Ground out 6-3 (Groundball, 56)
|
Batting: LHB Robert Lucas
|
0-0: Ball 1-0: Ground out 4-3 (Groundball, 4)
|
Top of the 1st over - 0 runs, 0 hits, 0 errors, 0 left on base; Georgetown 0 - Duke 0 |
BOTTOM OF THE 1ST |
Duke Blue Devils batting - Pitching for Georgetown Hoyas : RHP Rich Puckett
|
Pitching: RHP Rich Puckett
|
|
Batting: RHB Curt Eastham
|
0-0: Ball 1-0: Ball 2-0: Swinging Strike 2-1: Ball 3-1: DOUBLE (Line Drive, 9LM)
|
Batting: RHB Bob Ferguson
|
0-0: Ball 1-0: Ground out 5-3 (Groundball, 56S) Curt Eastham to third
|
Batting: SHB Luis Romero
|
0-0: Ball 1-0: Ball 2-0: Fly out, F7 (Line Drive, 78M) Runner from 3rd tags up, SCORES, throw made
|
Batting: SHB Álex Vega
|
0-0: Ball 1-0: Ball 2-0: Ball 3-0: Called Strike 3-1: Base on Balls
|
Batting: RHB Deron McClendon
|
0-0: Foul Ball, location: 2F 0-1: Ball 1-1: Called Strike 1-2: Ground out 4-3 (Groundball, 4)
|
Bottom of the 1st over - 1 run, 1 hit, 0 errors, 1 left on base; Georgetown 0 - Duke 1 |
TOP OF THE 2ND |
Georgetown Hoyas batting - Pitching for Duke Blue Devils : LHP Doug Hicks
|
Batting: RHB José Díaz
|
0-0: Ball 1-0: Ball 2-0: Ball 3-0: Base on Balls
|
Batting: RHB Ben Bradley
|
0-0: Foul Ball, location: 2F 0-1: Ball 1-1: Swinging Strike 1-2: Foul Ball, location: 2F 1-2: Strikes out swinging
|
Batting: RHB Andrew Wolf
|
0-0: Ball 1-0: Foul Ball, location: 2F 1-1: Ball 2-1: Foul Ball, location: 2F 2-2: Ball José Díaz steals 2nd base 3-2: Strikes out swinging
|
Batting: LHB Howard Pedrasa
|
0-0: Ball 1-0: Ball 2-0: Called Strike 2-1: Foul Ball, location: 2F 2-2: Ball 3-2: Base on Balls
|
Batting: RHB Dave Barnett
|
0-0: Fly out, F9 (Flyball, 9S)
|
Top of the 2nd over - 0 runs, 0 hits, 0 errors, 2 left on base; Georgetown 0 - Duke 1 |
BOTTOM OF THE 2ND |
Duke Blue Devils batting - Pitching for Georgetown Hoyas : RHP Rich Puckett
|
Batting: RHB Marvin Bruce
|
0-0: Ball 1-0: Ball 2-0: SINGLE (Line Drive, 56D)
|
Batting: RHB Clint Durham
|
0-0: Called Strike 0-1: Foul Ball, location: 2F 0-2: Foul Ball, location: 2F 0-2: Fly out, F9 (Line Drive, 89M)
|
Batting: RHB Jackson Walker
|
0-0: DOUBLE (Flyball, 89D) Marvin Bruce to third
|
Batting: RHB Tommy Reid
|
0-0: Called Strike 0-1: Called Strike 0-2: Ball 1-2: Ball 2-2: Strikes out swinging
|
Batting: RHB Curt Eastham
|
0-0: Ball 1-0: Ground out 4-3 (Groundball, 4)
|
Bottom of the 2nd over - 0 runs, 2 hits, 0 errors, 2 left on base; Georgetown 0 - Duke 1 |
TOP OF THE 3RD |
Georgetown Hoyas batting - Pitching for Duke Blue Devils : LHP Doug Hicks
|
Batting: SHB Tommy Goodman
|
0-0: Fly out, F7 (Flyball, 7D)
|
Batting: RHB Fred Mitchell
|
0-0: Foul Ball, location: 2F 0-1: Ball 1-1: Ball 2-1: Ball 3-1: Fly out, F7 (Flyball, 7LMF)
|
Batting: LHB Boyd Boone
|
0-0: SINGLE (Line Drive, 8RS)
|
Batting: LHB Robert Lucas
|
0-0: Ball 1-0: Called Strike 1-1: Ball 2-1: Foul Ball, location: 2F 2-2: Fielders Choice at 2nd, 6-4 (Groundball, 56)
|
Top of the 3rd over - 0 runs, 1 hit, 0 errors, 1 left on base; Georgetown 0 - Duke 1 |
BOTTOM OF THE 3RD |
Duke Blue Devils batting - Pitching for Georgetown Hoyas : RHP Rich Puckett
|
Batting: RHB Bob Ferguson
|
0-0: Swinging Strike 0-1: Ball 1-1: Ball 2-1: Swinging Strike 2-2: Foul Ball, location: 2F 2-2: Strikes out swinging
|
Batting: SHB Luis Romero
|
0-0: Ball 1-0: Called Strike 1-1: Called Strike 1-2: Ball 2-2: Ball 3-2: Base on Balls
|
Batting: SHB Álex Vega
|
0-0: Called Strike 0-1: Ball 1-1: Called Strike 1-2: Foul Ball, location: 2F 1-2: Fly out, F1 (Line Drive, 13)
|
Batting: RHB Deron McClendon
|
0-0: SINGLE (Line Drive, 78S) Luis Romero to second
|
Batting: RHB Marvin Bruce
|
0-0: Ball 1-0: Called Strike 1-1: SINGLE (Flyball, 8RS) Luis Romero to third Deron McClendon to second Runner from 3rd tries for Home, SAFE, throw made home
|
Now in CF: Vicente Correa
|
|
Batting: RHB Clint Durham
|
0-0: Fly out, F8 (Flyball, 8LD)
|
Bottom of the 3rd over - 1 run, 2 hits, 0 errors, 2 left on base; Georgetown 0 - Duke 2 |
TOP OF THE 4TH |
Georgetown Hoyas batting - Pitching for Duke Blue Devils : LHP Doug Hicks
|
Batting: RHB José Díaz
|
0-0: Ball 1-0: Called Strike 1-1: Called Strike 1-2: Ball 2-2: Strikes out swinging
|
Batting: RHB Ben Bradley
|
0-0: Ball 1-0: Swinging Strike 1-1: Foul Ball, location: 2F 1-2: Ball 2-2: Strikes out swinging
|
Batting: RHB Andrew Wolf
|
0-0: Fly out, F8 (Flyball, 78D)
|
Top of the 4th over - 0 runs, 0 hits, 0 errors, 0 left on base; Georgetown 0 - Duke 2 |
BOTTOM OF THE 4TH |
Duke Blue Devils batting - Pitching for Georgetown Hoyas : RHP Rich Puckett
|
Batting: RHB Jackson Walker
|
0-0: Ball 1-0: Called Strike 1-1: Fly out, F9 (Flyball, 9S)
|
Batting: RHB Tommy Reid
|
0-0: Ball 1-0: Foul Ball, location: 2F 1-1: Ball 2-1: Swinging Strike 2-2: Ground out 6-3 (Groundball, 6)
|
Batting: RHB Curt Eastham
|
0-0: Ground out U3 (Groundball, 34)
|
Bottom of the 4th over - 0 runs, 0 hits, 0 errors, 0 left on base; Georgetown 0 - Duke 2 |
TOP OF THE 5TH |
Georgetown Hoyas batting - Pitching for Duke Blue Devils : LHP Doug Hicks
|
Batting: LHB Howard Pedrasa
|
0-0: Ground out U3 (Groundball, 34)
|
Batting: RHB Dave Barnett
|
0-0: Reaches on Catchers interference
|
Batting: SHB Tommy Goodman
|
0-0: Ball 1-0: Called Strike 1-1: DOUBLE (Line Drive, 78D) Dave Barnett to third Runner from 3rd tries for Home, SAFE, no throw
|
Batting: RHB Vicente Correa
|
0-0: Ball 1-0: Ball 2-0: Ball 3-0: Base on Balls
|
Batting: LHB Boyd Boone
|
0-0: Called Strike 0-1: Ball 1-1: Ball 2-1: Called Strike 2-2: Strikes out swinging
|
Batting: LHB Robert Lucas
|
0-0: Called Strike 0-1: Ball 1-1: Swinging Strike 1-2: Ball 2-2: Strikes out looking
|
Top of the 5th over - 1 run, 1 hit, 1 error, 2 left on base; Georgetown 1 - Duke 2 |
BOTTOM OF THE 5TH |
Duke Blue Devils batting - Pitching for Georgetown Hoyas : RHP Rich Puckett
|
Batting: RHB Bob Ferguson
|
0-0: SINGLE (Line Drive, 89S)
|
Batting: SHB Luis Romero
|
0-0: Called Strike 0-1: Called Strike 0-2: Ball 1-2: Ball 2-2: Foul Ball, location: 2F 2-2: Foul Ball, location: 2F 2-2: Fly out, F8 (Flyball, 8RD)
|
Batting: SHB Álex Vega
|
0-0: Called Strike 0-1: Ball 1-1: Ball 2-1: Ball 3-1: Base on Balls Bob Ferguson to second
|
Batting: RHB Deron McClendon
|
0-0: Swinging Strike 0-1: Grounds into double play, 2-4-3 (Groundball, 2L)
|
Bottom of the 5th over - 0 runs, 1 hit, 0 errors, 1 left on base; Georgetown 1 - Duke 2 |
TOP OF THE 6TH |
Georgetown Hoyas batting - Pitching for Duke Blue Devils : LHP Doug Hicks
|
Batting: RHB José Díaz
|
0-0: SINGLE (Line Drive, 7S)
|
Batting: RHB Ben Bradley
|
0-0: Called Strike 0-1: Foul Ball, location: 2F 0-2: Ball 1-2: SINGLE (Groundball, 56D) José Díaz to second
|
Batting: RHB Andrew Wolf
|
0-0: Ball 1-0: Foul Ball, location: 2F 1-1: Ball 2-1: Ball 3-1: Foul Ball, location: 2F 3-2: SINGLE (Flyball, 8RS) José Díaz to third Ben Bradley to second Runner from 3rd tries for Home, SAFE, no throw
|
Pitching: RHP Edward Rush
|
|
Batting: LHB Howard Pedrasa
|
0-0: Ball 1-0: Called Strike 1-1: Ball 2-1: Ball 3-1: Base on Balls Ben Bradley to third Andrew Wolf to second
|
Batting: RHB Dave Barnett
|
0-0: Ball 1-0: Called Strike 1-1: Grounds into double play, 3-6-3 (Groundball, 3) Ben Bradley scores Andrew Wolf to third
|
Batting: SHB Tommy Goodman
|
0-0: Ball 1-0: Called Strike 1-1: Ball 2-1: Ground out U3 (Groundball, 3)
|
Top of the 6th over - 2 runs, 3 hits, 0 errors, 1 left on base; Georgetown 3 - Duke 2 |
BOTTOM OF THE 6TH |
Duke Blue Devils batting - Pitching for Georgetown Hoyas : RHP Rich Puckett
|
Pitching: RHP Siméon Goupil
|
|
Batting: RHB Marvin Bruce
|
0-0: Foul Ball, location: 2F 0-1: Foul Ball, location: 2F 0-2: Ball 1-2: Ball 2-2: Fly out, F9 (Flyball, 9D)
|
Batting: RHB Clint Durham
|
0-0: Ball 1-0: Fly out, F3 (Popup, 34S)
|
Batting: RHB Jackson Walker
|
0-0: Ball 1-0: Fly out, F4 (Popup, 4M)
|
Bottom of the 6th over - 0 runs, 0 hits, 0 errors, 0 left on base; Georgetown 3 - Duke 2 |
TOP OF THE 7TH |
Georgetown Hoyas batting - Pitching for Duke Blue Devils : RHP Edward Rush
|
Batting: RHB Vicente Correa
|
0-0: Ball 1-0: Ball 2-0: Called Strike 2-1: Foul Ball, location: 2F 2-2: Ball 3-2: Foul Ball, location: 2F 3-2: SINGLE (Groundball, 56D)
|
Pitching: LHP Bill Howard
|
|
Batting: LHB Boyd Boone
|
0-0: Ball 1-0: Foul Ball, location: 2F 1-1: Ball 2-1: Swinging Strike 2-2: Foul Ball, location: 2F 2-2: Foul Ball, location: 2F 2-2: Foul Ball, location: 2F 2-2: Ball 3-2: Base on Balls Vicente Correa to second
|
Batting: LHB Robert Lucas
|
0-0: Ball 1-0: Ball 2-0: Foul Ball, location: 2F 2-1: Foul Ball, location: 2F 2-2: Ball 3-2: Strikes out swinging
|
Pitching: RHP Ernest Payne
|
|
Batting: RHB José Díaz
|
0-0: Fly out, F8 (Line Drive, 8RD) Runner from 2nd tags up, SAFE at 3rd with throw
|
Batting: RHB Ben Bradley
|
0-0: Ball 1-0: Ball 2-0: Swinging Strike 2-1: Swinging Strike 2-2: Foul Ball, location: 2F 2-2: Strikes out swinging
|
Top of the 7th over - 0 runs, 1 hit, 0 errors, 2 left on base; Georgetown 3 - Duke 2 |
BOTTOM OF THE 7TH |
Duke Blue Devils batting - Pitching for Georgetown Hoyas : RHP Siméon Goupil
|
Batting: RHB Tommy Reid
|
0-0: Ground out 5-3 (Groundball, 56)
|
Batting: RHB Curt Eastham
|
0-0: Foul Ball, location: 2F 0-1: Ball 1-1: Ball 2-1: Ball 3-1: Base on Balls
|
Batting: RHB Bob Ferguson
|
0-0: Ball 1-0: SINGLE (Line Drive, 89S) Curt Eastham to second
|
Batting: SHB Luis Romero
|
0-0: Called Strike 0-1: Swinging Strike 0-2: Ball 1-2: Fielders Choice at 2nd, 6-4 (Groundball, 6) Curt Eastham to third
|
Batting: SHB Álex Vega
|
0-0: Called Strike 0-1: SINGLE (Groundball, 34D) Curt Eastham scores Luis Romero to second Runner from 2nd tries for 3rd, SAFE, no throw
|
Batting: RHB Deron McClendon
|
0-0: SINGLE (Groundball, 6MD) Luis Romero scores Álex Vega to second
|
Batting: RHB Marvin Bruce
|
0-0: Ball 1-0: Ball 2-0: Called Strike 2-1: Called Strike 2-2: Strikes out swinging
|
Bottom of the 7th over - 2 runs, 3 hits, 0 errors, 2 left on base; Georgetown 3 - Duke 4 |
TOP OF THE 8TH |
Georgetown Hoyas batting - Pitching for Duke Blue Devils : RHP Ernest Payne
|
Now at C: Fred Cox
|
|
Batting: RHB Andrew Wolf
|
0-0: Called Strike 0-1: Ball 1-1: Ball 2-1: Ball 3-1: Foul Ball, location: 2F 3-2: Fly out, F8 (Flyball, 8LD)
|
Batting: LHB Howard Pedrasa
|
0-0: Called Strike 0-1: Foul Ball, location: 2F 0-2: Strikes out looking
|
Batting: RHB Dave Barnett
|
0-0: Called Strike 0-1: Foul Ball, location: 2F 0-2: Foul Ball, location: 2F 0-2: Ball 1-2: Ball 2-2: Foul Ball, location: 2F 2-2: Ball 3-2: Base on Balls
|
Pitching: RHP Dan Walls
|
|
Batting: SHB Tommy Goodman
|
0-0: Ball 1-0: Ball Wild Pitch! Dave Barnett to second 2-0: Single, Error in OF, E9, batter to second base Dave Barnett scores
|
Batting: RHB Vicente Correa
|
0-0: Called Strike 0-1: Foul Ball, location: 2F 0-2: Strikes out swinging
|
Top of the 8th over - 1 run, 1 hit, 1 error, 1 left on base; Georgetown 4 - Duke 4 |
BOTTOM OF THE 8TH |
Duke Blue Devils batting - Pitching for Georgetown Hoyas : RHP Siméon Goupil
|
Batting: RHB Clint Durham
|
0-0: Ball 1-0: Ball 2-0: Ball 3-0: Called Strike 3-1: Foul Ball, location: 2F 3-2: Base on Balls
|
Pinch Hitting: RHB Nick Anderson
|
0-0: Called Strike 0-1: Sac Bunt - play at first, batter OUT! 1-4 Clint Durham to second
|
Pinch Hitting: RHB Pedro Johns
|
0-0: Ball 1-0: Called Strike 1-1: Ball 2-1: Called Strike 2-2: Ball 3-2: Foul Ball, location: 2F 3-2: Base on Balls
|
Pinch Runner at 2nd Warren Norton:
|
|
Batting: RHB Curt Eastham
|
0-0: SINGLE (Groundball, 56D) Warren Norton to third Pedro Johns to second Runner from 3rd tries for Home, SAFE, throw made home
|
Pitching: LHP Preston Hurst
|
|
Pinch Runner at 2nd Kevin Burris:
|
|
Batting: RHB Bob Ferguson
|
0-0: Fly out, F8 (Flyball, 8RD)
|
Batting: SHB Luis Romero
|
0-0: Ball 1-0: Ball 2-0: Called Strike 2-1: Foul Ball, location: 2F 2-2: Ball 3-2: Strikes out looking
|
Bottom of the 8th over - 1 run, 1 hit, 0 errors, 2 left on base; Georgetown 4 - Duke 5 |
TOP OF THE 9TH |
Georgetown Hoyas batting - Pitching for Duke Blue Devils : RHP Dan Walls
|
Pitching: RHP Bob Robinson
|
|
Now at 2B: Warren Norton
|
|
Now in LF: Nick Anderson
|
|
Batting: LHB Boyd Boone
|
0-0: SINGLE (Line Drive, 3D)
|
Now at 1B: José Gallardo
|
|
Batting: LHB Robert Lucas
|
0-0: Ball 1-0: Ball 2-0: Ball 3-0: Called Strike 3-1: Grounds into double play, 5-4-3 (Groundball, 56)
|
Batting: RHB José Díaz
|
0-0: Ball 1-0: Ball 2-0: Ball 3-0: Base on Balls
|
Batting: RHB Ben Bradley
|
0-0: Called Strike 0-1: Foul Ball, location: 2F 0-2: Ball 1-2: Ball 2-2: Foul Ball, location: 2F 2-2: Foul Ball, location: 2F 2-2: Foul Ball, location: 2F 2-2: Fly out, F7 (Flyball, 78XD)
|
Top of the 9th over - 0 runs, 1 hit, 0 errors, 1 left on base; Georgetown 4 - Duke 5 |
|